Map: Lightshade LE

Players

DPGRogue (Rogue) - Winner!

  • Race: Zerg Zerg

SpeCial

  • Race: Terran Terran
  • League: Master

Event: DreamHack SC2 Masters 2021 Summer

VOD

Have the link to the VOD?

Description

Time

  • Played on: July 2, 2021, 11:58 a.m.
  • Length: 15:07

All games in this series

Show
View Real Time Build Order
Export as new Build Order

DPGRogue Zerg - Winner!

Build Orders: Hatch First 

Get SALT Encoding   

  12  0:00  Drone  
  13  0:12  Overlord  
  13  0:16  Drone  
  14  0:30  Drone x2  
  16  0:47  Hatchery  
  15  0:50  Drone  
  15  0:54  Drone  
  17  0:57  Drone  
  18  1:08  Extractor  
  17  1:12  Spawning Pool  
  17  1:15  Drone  
  17  1:18  Drone  
  18  1:28  Drone  
  19  1:38  Drone  
  20  1:51  Drone  
  21  1:59  Queen x2, Zergling x2  
  21  2:00  Zergling x2  
  27  2:10  Overlord  
  27  2:12  Zergling x2  
  27  2:14  Metabolic Boost  
  28  2:32  Drone x4  
  28  2:35  Queen  
  32  2:44  Overlord  
  32  2:46  Drone  
  32  2:47  Queen  
  35  2:55  Zergling x2  
  35  3:08  Drone x2  
  35  3:09  Drone  
  35  3:10  Drone x3  
  39  3:13  Drone  
  39  3:16  Drone  
  41  3:20  Overlord  
  41  3:23  Drone  
  42  3:31  Roach Warren  
  42  3:34  Drone x2  
  43  3:40  Drone  
  44  3:50  Hatchery  
  44  3:52  Drone x3  
  46  3:56  Overlord  
  46  4:07  Drone x2  
  48  4:16  Roach x2  
  48  4:17  Roach x3  
  58  4:18  Lair  
  58  4:25  Roach  
  58  4:28  Extractor, Overlord  
  58  4:32  Drone, Overlord  
  58  4:36  Extractor  
  58  4:38  Overlord  
  58  4:41  Drone  
  58  4:43  Extractor  
  58  4:48  Drone  
  58  4:49  Drone x6  
  65  4:53  Drone  
  65  4:59  Drone  
  67  5:02  Spore Crawler  
  67  5:03  Queen  
  67  5:05  Spore Crawler  
  67  5:08  Drone x5  
  67  5:10  Drone  
  67  5:13  Drone  
  74  5:16  Glial Reconstitution  
  74  5:18  Overseer  
  74  5:21  Drone x3  
  74  5:25  Drone x2  
  79  5:29  Drone, Extractor  
  79  5:32  Overlord  
  79  5:39  Evolution Chamber x2  
  79  5:41  Drone x3  
  80  5:43  Roach x2  
  80  5:47  Overlord  
  84  5:50  Roach x2  
  84  5:54  Roach x2  
  92  5:59  Drone x2  
  92  6:00  Drone x3  
  92  6:04  Overlord  
  97  6:10  Zerg Missile Weapons Level 1, Zerg Ground Armor Level 1  
  97  6:12  Drone  
  97  6:13  Extractor, Drone  
  97  6:14  Drone  
  99  6:20  Overlord  
  96  6:28  Drone x4  
  96  6:29  Drone x2  
  99  6:34  Overlord  
  99  6:35  Overlord  
  99  6:36  Drone x2  
  99  6:39  Drone x2  
  101  6:43  Drone x3  
  101  6:46  Roach  
  102  6:48  Drone  
  102  6:49  Drone  
  102  6:51  Overlord  
  104  6:57  Infestation Pit  
  103  7:02  Roach x2  
  103  7:03  Roach  
  103  7:08  Roach  
  111  7:10  Roach  
  111  7:14  Roach  
  115  7:19  Hatchery  
  114  7:24  Queen x2, Baneling Nest  
  114  7:27  Ravager x5  
  114  7:29  Overlord x3  
  122  7:38  Overlord  
  122  7:41  Overlord  
  122  7:48  Infestor  
  122  7:49  Infestor x2  
  130  7:51  Roach x7  
  130  7:53  Drone x2  
  130  7:55  Drone  
  130  7:57  Drone  
  146  8:03  Hive  
  147  8:05  Drone x2  
  147  8:10  Hatchery  
  147  8:12  Centrifical Hooks  
  147  8:13  Zergling x4  
  147  8:15  Overseer  
  147  8:18  Zergling x6  
  152  8:20  Drone x2  
  152  8:26  Zerg Ground Armor Level 2  
  154  8:27  Zerg Melee Weapons Level 1  
  154  8:33  Zergling x12  
  160  8:35  Zergling x2  
  160  8:36  Zergling x2  
  160  8:37  Zergling x2  
  157  8:46  Roach x3  
  144  8:48  Roach  
  144  8:49  Roach  
  144  8:55  Zergling x2, Overlord  
  148  8:56  Zergling x8, Spore Crawler  
  148  8:57  Baneling  
  148  8:58  Baneling x7  
  148  8:59  Ravager x3  
  148  9:00  Ravager  
  156  9:07  Zergling x14  
  160  9:11  Zergling x4  
  160  9:14  Ravager x4  
  165  9:18  Baneling x4  
  165  9:19  Zergling x10  
  165  9:21  Zergling x4  
  172  9:27  Roach  
  172  9:28  Zergling x2, Roach x3  
  169  9:32  Roach  
  169  9:36  Roach  
  159  9:39  Roach  
  159  9:40  Roach x4  
  159  9:43  Roach  
  159  9:44  Roach x3  
  172  9:48  Ravager  
  172  9:49  Ravager  
  172  9:50  Zergling x2  
  175  9:56  Zergling x12  
  181  10:02  Overlord  
  181  10:06  Adrenal Glands  
  179  10:15  Zergling x2  
  179  10:17  Overseer  
  179  10:18  Ultralisk Cavern  
  179  10:19  Drone  
  179  10:20  Extractor, Drone x3  
  179  10:21  Extractor  
  180  10:22  Drone x2  
  180  10:23  Drone x7  
  174  10:36  Zergling x14, Roach  
  174  10:37  Drone, Zergling x2  
  179  10:47  Zergling x2  
  179  10:48  Zergling x12  
  179  10:49  Zergling x2  
  187  10:54  Zergling x12  
  187  10:56  Zerg Melee Weapons Level 2  
  178  11:03  Drone x2  
  180  11:07  Viper x2  
  180  11:11  Drone x2, Hatchery  
  188  11:14  Zergling x6  
  188  11:15  Overlord  
  189  11:24  Zergling x2, Zerg Ground Armor Level 3  
  169  11:28  Zergling x8  
  169  11:31  Zergling x6  
  170  11:33  Zergling x2  
  170  11:37  Zergling x8  
  171  11:42  Chitinous Plating  
  171  11:46  Zergling x12  
  149  11:56  Zergling x6  
  149  11:57  Zergling x8  
  149  11:59  Drone  
  149  12:00  Zergling x2  
  149  12:05  Zergling x4  
  149  12:07  Drone x4  
  148  12:13  Roach x2  
  152  12:17  Drone x2  
  152  12:18  Zergling x14  
  161  12:24  Baneling Nest  
  160  12:31  Zergling x18  
  160  12:33  Zergling x4  
  160  12:36  Zergling x2  
  172  12:43  Zergling x2  
  173  12:44  Ultralisk  
  173  12:46  Overlord  
  179  12:54  Overlord  
  177  12:58  Ultralisk  
  177  13:00  Overlord  
  177  13:05  Pneumatized Carapace  
  176  13:06  Drone x2  
  176  13:08  Baneling x2  
  176  13:09  Spore Crawler  
  176  13:10  Anabolic Synthesis  
  176  13:11  Ultralisk  
  183  13:16  Baneling x10  
  183  13:17  Baneling x6  
  183  13:26  Drone  
  181  13:28  Ultralisk  
  177  13:35  Overseer  
  177  13:38  Ultralisk  
  177  13:41  Ultralisk  
  187  13:48  Ultralisk  
  187  13:50  Ultralisk  
  187  13:53  Overseer  
  199  14:08  Hatchery, Zergling x2  
  192  14:21  Ultralisk  
  178  14:25  Zergling x26  
  180  14:31  Overlord  
  180  14:32  Overlord  
  160  14:38  Zergling x6  
  160  14:39  Zergling x6  
  160  14:40  Zergling x28  
  177  14:48  Zergling x2  
  177  14:49  Zergling x4  
Show
View Real Time Build Order
Export as new Build Order

SpeCial Terran 

Build Orders:  

Get SALT Encoding   

  12  0:00  SCV  
  13  0:12  SCV  
  14  0:17  Supply Depot  
  14  0:24  SCV  
  15  0:39  SCV  
  15  0:41  Barracks  
  16  0:43  Refinery  
  16  0:51  SCV  
  17  1:00  Barracks  
  17  1:03  SCV  
  18  1:15  SCV  
  19  1:28  Reaper, Orbital Command  
  20  1:47  Reaper  
  20  1:48  Supply Depot  
  21  1:54  SCV  
  22  2:03  Reaper  
  23  2:09  SCV  
  23  2:14  Command Center  
  24  2:16  Refinery  
  24  2:21  SCV, Marine  
  26  2:33  SCV  
  26  2:35  Marine  
  26  2:36  Supply Depot  
  28  2:43  Factory  
  28  2:45  SCV  
  29  2:54  Barracks Reactor  
  29  2:58  SCV  
  30  3:10  SCV  
  30  3:19  Command Center  
  30  3:22  SCV  
  31  3:33  Orbital Command  
  32  3:34  SCV  
  32  3:35  Starport  
  32  3:41  Hellion  
  34  3:44  Hellion  
  36  3:50  SCV, Barracks Tech Lab  
  36  3:51  Barracks Reactor  
  37  3:59  SCV  
  37  4:02  SCV  
  39  4:03  Hellion  
  39  4:06  Hellion  
  43  4:11  SCV, Marine, Stimpack  
  45  4:20  Barracks  
  45  4:26  SCV x2  
  45  4:29  Marine x2  
  45  4:30  Marine  
  50  4:32  Orbital Command  
  50  4:36  Starport Reactor  
  50  4:38  SCV  
  50  4:39  SCV  
  52  4:45  Supply Depot  
  52  4:47  Marine x3  
  52  4:51  SCV x2  
  57  4:54  Supply Depot  
  53  5:01  Factory Tech Lab  
  53  5:03  SCV x2  
  53  5:05  Marine x3  
  53  5:06  Bunker  
  58  5:09  Bunker  
  58  5:11  Medivac x2  
  62  5:14  Marine x2  
  62  5:20  Siege Tank  
  67  5:22  SCV, Marine  
  67  5:23  SCV  
  67  5:24  SCV  
  71  5:31  Engineering Bay x2  
  71  5:33  Marine x4  
  75  5:37  Orbital Command  
  75  5:39  SCV x2  
  75  5:41  Refinery  
  75  5:42  Refinery  
  77  5:43  Marine  
  77  5:44  Supply Depot  
  78  5:51  SCV x2  
  78  5:52  Combat Shield  
  78  5:53  Marine x2  
  78  5:54  Marine x2  
  84  6:03  SCV  
  85  6:04  Barracks  
  85  6:05  Barracks  
  85  6:06  SCV x2  
  85  6:07  Terran Infantry Weapons Level 1  
  85  6:08  Terran Infantry Armor Level 1  
  87  6:14  Marine x4  
  87  6:15  SCV, Marine  
  93  6:23  SCV  
  93  6:25  SCV  
  93  6:27  Siege Tank  
  93  6:32  SCV  
  93  6:35  Marine x3  
  93  6:36  SCV, Medivac x2  
  93  6:37  Marine  
  101  6:41  SCV, Marine  
  101  6:46  SCV  
  100  6:48  SCV  
  100  6:52  Barracks Reactor x2  
  100  6:53  SCV  
  100  6:54  Barracks Tech Lab x2  
  100  6:58  SCV  
  101  7:04  SCV, Supply Depot, Siege Tank  
  101  7:05  SCV  
  101  7:06  Supply Depot  
  101  7:07  Marine  
  107  7:08  Supply Depot  
  107  7:09  Marine  
  107  7:10  SCV  
  109  7:25  Marine  
  109  7:26  SCV, Marauder, Medivac x2  
  109  7:27  Armory  
  109  7:28  Marauder, Supply Depot  
  109  7:29  Supply Depot  
  119  7:30  Marine  
  119  7:33  Supply Depot  
  119  7:34  Supply Depot  
  119  7:36  Marauder, Marine  
  123  7:46  Marine x2  
  123  7:47  Marauder  
  123  7:48  Marine  
  123  7:49  Marauder  
  130  7:54  Marine  
  130  7:56  Medivac, Supply Depot  
  130  7:58  Marauder  
  135  8:03  Barracks  
  135  8:04  Barracks, Marine x2  
  135  8:05  Barracks  
  137  8:06  Marine  
  137  8:09  Marauder  
  137  8:10  Marine  
  137  8:12  Marine  
  142  8:15  Siege Tank  
  142  8:19  Marine  
  146  8:20  Missile Turret  
  146  8:22  Marine  
  146  8:23  Terran Infantry Weapons Level 2  
  147  8:29  Terran Infantry Armor Level 2  
  147  8:33  Marine  
  147  8:34  Marauder, Marine x3  
  151  8:37  Marine  
  151  8:40  Marine  
  154  8:43  Medivac  
  148  8:52  Marauder  
  148  8:55  Barracks Tech Lab x2  
  150  8:56  Barracks Reactor  
  150  8:57  Barracks Reactor, Barracks Tech Lab, Marine x3  
  150  8:58  Marauder, Marine  
  150  9:00  Refinery  
  150  9:02  Supply Depot x2  
  156  9:05  Marauder  
  156  9:08  Command Center  
  157  9:13  Marine  
  157  9:14  SCV x2  
  157  9:15  Marine x4  
  161  9:19  Marauder  
  162  9:25  Marauder, Marine  
  162  9:26  Siege Tank  
  162  9:28  Medivac  
  162  9:31  Marine  
  160  9:33  Marine x2, Supply Depot  
  147  9:40  Marauder  
  147  9:43  Marine x2, Medivac  
  147  9:44  Marauder, Marine  
  147  9:46  Marine  
  147  9:47  Marauder, Marine  
  147  9:49  Marauder  
  153  9:55  Marine x2  
  153  9:59  Marine, Concussive Shells  
  151  10:01  Marine x2  
  151  10:02  SCV, Marauder  
  151  10:03  SCV x2  
  151  10:05  Marauder  
  161  10:10  Marine x2  
  161  10:11  Marauder  
  164  10:23  Marine  
  164  10:24  Marauder, Medivac  
  169  10:33  Marine  
  169  10:34  Marauder  
  163  10:36  Marine x2  
  163  10:42  Marine x2  
  162  10:43  Marauder  
  162  10:45  Terran Infantry Weapons Level 3, Terran Infantry Armor Level 3  
  156  10:55  Medivac  
  156  10:56  Marine  
  156  10:57  Marauder  
  135  11:01  Marine  
  135  11:02  Marine x8  
  135  11:04  SCV x2, Marine  
  138  11:05  SCV  
  142  11:14  Marine  
  142  11:17  Marine  
  143  11:19  Marine x3  
  143  11:20  Marine  
  143  11:21  Marine x2  
  143  11:22  Marine, Siege Tank  
  143  11:23  Marauder, Marine  
  143  11:24  Marauder  
  116  11:33  Marine  
  116  11:36  Marauder  
  116  11:37  Marine x2  
  116  11:38  Marine  
  116  11:39  Marine  
  118  11:40  Marine  
  118  11:41  Marine  
  118  11:44  Marine  
  118  11:45  Marauder, Planetary Fortress  
  103  11:51  Marine  
  89  11:54  Siege Tank  
  89  11:55  Marine x2  
  89  11:56  Marine x2  
  89  11:57  Marine  
  89  11:58  Marine  
  89  11:59  Marauder  
  89  12:02  Marine  
  89  12:06  Marine  
  91  12:08  Marine  
  91  12:11  Medivac x2  
  91  12:13  Marine x3  
  91  12:14  SCV x2, Marine  
  91  12:15  Marauder  
  104  12:16  Marine  
  104  12:20  Marauder, Marine  
  108  12:24  Marine  
  108  12:26  Marine, Siege Tank  
  113  12:31  Marine x3  
  113  12:32  Marine  
  113  12:34  SCV x3, Marine  
  113  12:36  Marine  
  122  12:37  SCV  
  122  12:38  Marauder  
  122  12:41  Marine x2  
  127  12:44  Medivac x2  
  127  12:49  Marine x2  
  127  12:50  Marine  
  135  12:51  Barracks Reactor, Marine  
  135  12:52  Barracks Reactor  
  135  12:54  Marauder  
  137  12:58  Siege Tank  
  137  12:59  Marine  
  137  13:00  Marine  
  137  13:01  Marauder  
  144  13:06  Marine x2  
  144  13:08  Marine  
  144  13:09  Marine  
  148  13:14  Medivac  
  148  13:16  Marauder, Marine  
  148  13:18  Marine  
  154  13:21  Marine  
  154  13:24  Marine x2  
  154  13:25  Marine  
  158  13:27  Marine x2  
  158  13:28  SCV x2  
  158  13:34  Marine x3  
  158  13:35  Marauder  
  158  13:36  Marine x2  
  158  13:39  Marine, Siege Tank  
  168  13:42  Marine x2  
  168  13:43  Marine  
  168  13:44  Medivac x2  
  168  13:45  Marine x2  
  177  13:52  Marine x3  
  177  13:54  Marauder  
  177  13:55  Marauder  
  184  13:56  Marauder  
  184  13:57  Marine  
  184  13:59  Supply Depot  
  184  14:00  Marine x2  
  184  14:01  Marine  
  190  14:03  Marine x2  
  182  14:10  Marine x3  
  182  14:15  Marauder x2  
  182  14:16  Marine  
  176  14:23  Marine  
  176  14:24  Marauder, Marine  
  142  14:26  Marine x3  
  142  14:28  Marine x3  
  129  14:34  Marauder  
  112  14:41  Marauder, Marine  
  112  14:43  SCV  
Tags
 
Add a new tag
Caveats
  • Supply blocks, unpowered buildings, or Contaminate may cause inaccurate times.
  • Supply counts are checked every 10 seconds.